 Dungeon Crawl Stone Soup version 0.31-a0-988-g08d55dae12 (webtiles) character file.

Game seed: 7997327860327458262

95034 BinkBink the Warrior (level 16, 0/177 HPs)
             Began as a Gargoyle Fighter on Nov 4, 2023.
             Was the Champion of Qazlal.
             Killed by angry trees
             ... awakened by a spriggan druid
              (3 damage)
             ... on level 3 of the Swamp.
             The game lasted 00:43:23 (25963 turns).

BinkBink the Warrior (Gargoyle Fighter)            Turns: 25963, Time: 00:43:24

Health: 0/177      AC: 50    Str: 38    XL:     16   Next: 13%
Magic:  16/16      EV:  8    Int: 10    God:    Qazlal [******]
Gold:   409        SH: 24    Dex:  9    Spells: 15/15 levels left

rFire   + . .        c - +2 flail (freeze)
rCold   . . .        l - +0 tower shield
rNeg    + + .        Z - +11 shadow dragon scales "Tineec" {rN+ Will- Str+5 Stlth++++}
rPois   ∞            B - +0 helmet
rElec   +            X - +1 cloak
rCorr   .            i - +0 pair of gloves
SInv    .            P - +3 pair of seven-league boots {Rampage+∞}
Will    +....        s - amulet of the acrobat Stlth
                     a - ring of willpower
HPRegen 0.49/turn    M - +6 ring of strength
MPRegen 0.15/turn

%: repel missiles, acrobat, rampage+∞
@: berserking (expiring), protected from fire, flying, invisible, very quick
A: sickness immunity, AC +12, big wings, negative energy resistance 1,
electricity resistance, torment resistance 1, petrification resistance
a: Renounce Religion, Upheaval, Elemental Force, Disaster Area


You were on level 3 of the Swamp.
You worshipped Qazlal.
Qazlal was exalted by your worship.
You visited 5 branches of the dungeon, and saw 21 of its levels.
You also visited: Bailey.

You collected 2546 gold pieces.
You spent 2137 gold pieces at shops.

Inventory:

Hand Weapons
 c - a +2 flail of freezing (weapon)
 W - a +2 mace of holy wrath
Missiles
 h - 5 throwing nets
Armour
 i - a +0 pair of gloves (worn)
 l - a +0 tower shield (worn)
 B - a +0 helmet (worn)
 P - the +3 pair of seven-league boots (worn) {Rampage+∞}
   (You found it on level 5 of the Lair of Beasts)

   Rampage+∞: When moving toward enemies, its wearer moves as far as possible,
   alerting their target en route.
 X - a +1 cloak (worn)
 Z - the +11 shadow dragon scales "Tineec" (worn) {rN+ Will- Str+5 Stlth++++}
   (You bought it in a shop on level 2 of the Orcish Mines)

   Str+5:     It affects your strength (+5).
   rN+:       It protects you from negative energy.
   Will-:     It decreases your willpower.
   Stlth++++: It makes you much more stealthy.
Jewellery
 a - a ring of willpower (left hand)
 g - a ring of fire
 s - an amulet of the acrobat (around neck)
 M - a +6 ring of strength (right hand)
 Y - the ring of Meicac {MP+9 Str+4 Int-4}
   (You took it off a vampire mage on level 5 of the Lair of Beasts)

   [ring of magical power]

   Str+4:     It affects your strength (+4).
   Int-4:     It affects your intelligence (-4).
   MP+9:      It affects your magic capacity (+9).
Wands
 j - a wand of digging (5)
 v - a wand of roots (35)
 F - a wand of flame (44)
 N - a wand of charming (16)
 R - a wand of acid (10)
Scrolls
 f - 2 scrolls of enchant armour
 o - 8 scrolls of teleportation
 u - 2 scrolls of silence
 w - a scroll of poison
 y - 2 scrolls of enchant weapon
 E - 5 scrolls of fear
 G - 4 scrolls of revelation
 I - a scroll of brand weapon
 K - 2 scrolls of fog
 T - 6 scrolls of identify
Potions
 b - 2 potions of enlightenment
 d - 3 potions of magic
 e - 3 potions of berserk rage
 r - 7 potions of curing
 t - 2 potions of mutation
 x - 3 potions of resistance
 z - a potion of invisibility
 A - 3 potions of brilliance
 C - 6 potions of cancellation
 H - 4 potions of haste
 Q - 3 potions of attraction
 S - 3 potions of lignification
 V - a potion of might


   Skills:
 * Level 20.1 Fighting
 * Level 16.7 Maces & Flails
 + Level 13.0 Armour
 + Level 13.1 Shields


You had 15 spell levels left.
You didn't know any spells.
Your spell library contained the following spells:

 Spells                   Type           Power      Damage    Failure   Level
 Apportation              Tloc           0%         N/A       90%         1
 Necrotise                Necr           0%         1d4       90%         1
 Jinxbite                 Hex            0%         N/A       97%         2
 Tukima's Dance           Hex            0%         N/A       99%         3
 Vampiric Draining        Necr           0%         2d6       99%         3
 Animate Dead             Necr           0%         N/A       100%        4
 Dimensional Bullseye     Hex/Tloc       0%         N/A       100%        4
 Iskenderun's Mystic Bla  Conj/Tloc      0%         2d3       100%        4
 Passage of Golubria      Tloc           0%         N/A       100%        4
 Petrify                  Tmut/Erth      0%         N/A       100%        4
 Agony                    Necr           0%         N/A       100%        5
 Alistair's Intoxication  Tmut/Pois      0%         N/A       100%        5
 Irradiate                Conj/Tmut      0%         3d11      100%        5
 Silence                  Hex/Air        0%         N/A       100%        5
 Yara's Violent Unravell  Hex/Tmut       0%         3d3       100%        5
 Haunt                    Necr/Summ      0%         N/A       100%        7
 Infestation              Necr           0%         N/A       100%        8
 Lehudib's Crystal Spear  Conj/Erth      0%         10d2      100%        8
 Sublimation of Blood     Necr           Unusable   N/A       N/A         2

Dungeon Overview and Level Annotations

Branches:
Dungeon (10/15)            Temple (1/1) D:6            Lair (5/5) D:8
  Swamp (3/4) Lair:2        Snake (0/4) Lair:2        Slime (0/5) Lair:5
    Orc (2/2) D:10            Elf (0/3) Orc:2        Bailey (visited)

Altars:
Ashenzari
Cheibriados
Dithmenos
Elyvilon
Fedhas
Gozag
Hepliaklqana
Kikubaaqudgha
Makhleb
Nemelex Xobeh
Okawaru
Qazlal
Ru
Sif Muna
Trog
Uskayaw
Vehumet
Wu Jian
Yredelemnul
Zin
The Shining One
Jiyva

Shops:
D:8 *   Orc:1 [?*=   Orc:2 ?[*

Annotations:
D:8 3 runed translucent doors, tish's ghost, journeyman OpSh
Lair:1 exclusion: oklob plant


Innate Abilities, Weirdness & Mutations

You are immune to sickness and miasma.
Your stone body is resilient. (AC +12)
You are immune to poison.
Your large and strong wings let you fly.
You resist negative energy. (rN+)
You are resistant to electric shocks. (rElec)
You are resistant to unholy torment.
You are immune to petrification.


Message History

A root smacks you from below!
* * * LOW HITPOINT WARNING * * *
The ghost crab breathes spectral mist at you.
The spectral mist engulfs the spectral spriggan berserker but does no damage.
The spriggan druid is engulfed in spectral mist.
The eleionoma is engulfed in spectral mist.
The eleionoma dies!
You block the spectral spriggan berserker's attack.
You block the spectral snapping turtle's attack.
The hornet is engulfed in spectral mist.
You block the spectral spriggan berserker's attack.
You catch the helpless hornet completely off-guard!
You bludgeon the hornet!! You freeze the hornet.
You kill the hornet!
Qazlal accepts your kill.
The spriggan is engulfed in spectral mist.
The spriggan dies!
A swamp worm comes into view.
The spectral snapping turtle fades away!
The spectral spriggan berserker fades away!
A tree reaches out and hits you!
* * * LOW HITPOINT WARNING * * *
The spectral spriggan air mage fades away!
The ghost crab bites you but does no damage.
You block the ghost crab's attack.
The spectral spriggan berserker hits you but does no damage.
You sock the ghost crab! You freeze the ghost crab.
The ghost crab is moderately damaged.
You block the spectral spriggan air mage's attack.
The spriggan druid is engulfed in spectral mist.
You block the ghost crab's attack. The ghost crab claws you.
* * * LOW HITPOINT WARNING * * *
Unknown command.
You are too berserk!
You are too berserk!
You hit the ghost crab. You freeze the ghost crab.
The ghost crab is moderately damaged.
The spectral spriggan berserker fades away!
You are hit by a branch.
You die...

♣ ≈♣♣ ♣♣♣ ≈≈≈♣
♣♣○♣wZ≈≈≈
♣@°○w♣ ♣Zt○♣♣
♣...○i°○~~~..
♣~~.°○○○i..~.~
♣.~.○!Z.......~
♣.~))....~..~..
♣..~.♣~.~....~.
♣♣.~~.~........
♣♣....~..~....


You could see a ghost crab (unable to see you), a spriggan druid, a spectral
seven-headed hydra (summoned, strong), a spectral spriggan berserker (summoned),
a spectral spriggan air mage (summoned), 2 swamp worms and a spriggan.

Vanquished Creatures
  3 thorn hunters
  Donald (Swamp:1)
  A fenstrider witch (Lair:2)
  An orc warlord (Bailey)
  4 eleionomae
  2 bunyips (Swamp:2)
  An ettin (D:10)
  A shambling mangrove (Swamp:2)
  4 ogre magi
  5 hydras
  Harold (D:9)
  A merfolk avatar (Lair:5)
  A ghost crab (Swamp:2)
  Erolcha (Orc:1)
  An anaconda (Swamp:2)
  A boulder beetle (Lair:1)
  4 alligators
  16 two-headed ogres
  A catoblepas (Lair:5)
  Erica (D:10)
  2 orc high priests
  A vampire mage (Lair:5)
  5 death yaks (Lair:5)
  4 skysharks
  2 swamp dragons
  A spriggan druid (Swamp:1)
  A goliath frog (Swamp:1)
  A bog body (Swamp:1)
  A lindwurm (Lair:2)
  2 orc knights
  3 ugly things (D:10)
  A harpy (Lair:5)
  3 cyclopes
  4 will-o-the-wisps
  3 manticores
  5 black mambas
  18 elephants
  Joseph (D:10)
  9 cane toads
  5 rime drakes
  An unseen horror (D:10)
  7 komodo dragons
  A komodo dragon (shapeshifter) (D:10)
  6 hornets
  A wind drake (Lair:5)
  5 tyrant leeches
  4 polar bears
  The ghost of hitsuchi the Grasshopper, an amateur AtWr (D:6)
  5 trolls
  Prince Ribbit (Lair:1)
  30 blink frogs
  4 dream sheep (Lair:5)
  A shadow (D:10)
  2 spriggans
  A human (Lair:5)
  5 basilisks
  6 wyverns
  17 yaks
  4 steam dragons
  Edmund (D:6)
  3 vampire mosquitoes (D:10)
  3 wargs
  2 nagas (Lair:2)
  4 swamp worms
  25 water moccasins
  2 acid dragons
  Duvessa (D:5)
  26 orc warriors
  A sky beast (D:7)
  2 ice beasts
  3 black bears
  24 ogres
  8 wolves (Lair:2)
  2 phantoms
  2 kobold brigands
  18 bullfrogs
  3 gnoll sergeants
  6 scorpions
  5 wights
  Dowan (D:5)
  6 killer bees
  5 electric eels
  A lava snake (D:7)
  7 hounds
  13 orc priests
  A gnoll bouda (D:8)
  7 jellies
  A sleepcap (D:7)
  Jessica (D:2)
  7 iguanas
  21 orc wizards
  25 gnolls
  7 adders
  A shadow imp (D:8)
  3 white imps
  3 worms
  5 dart slugs
  80 orcs
  6 bats
  7 endoplasms
  4 giant cockroaches
  19 goblins
  14 hobgoblins
  3 quokkas
  5 ball pythons
  3 frilled lizards
  14 kobolds
  6 rats
  A spectral kobold (D:2)
643 creatures vanquished.

Vanquished Creatures (others)
  An eleionoma (Swamp:3)
  A skyshark (Lair:5)
  A spriggan druid (Swamp:3)
  A bog body (Swamp:1)
  A swamp dragon (Swamp:3)
  An elephant (Lair:5)
  4 bloated husks
  A hornet (Swamp:3)
  2 spriggans (Swamp:3)
  A scorpion (D:6)
  A hound (D:6)
  An orc wizard (D:6)
  An adder (D:6)
  An orc (Orc:1)
  12 foxfires
30 creatures vanquished.

Grand Total: 673 creatures vanquished

Notes
Turn   | Place    | Note
-------+----------+-------------------------------------------
     0 | D:1      | BinkBink the Gargoyle Fighter began the quest for the Orb.
     0 | D:1      | Reached XP level 1. HP: 14/14 MP: 1/1
   153 | D:1      | Reached XP level 2. HP: 11/19 MP: 2/2
   323 | D:1      | Reached XP level 3. HP: 20/24 MP: 3/3
   840 | D:2      | Identified the +1 dagger of Giociy {antimagic, Stlth+}
   876 | D:2      | Reached skill level 4 in Fighting
  1025 | D:2      | Found a faded altar of an unknown god.
  1124 | D:2      | Reached XP level 4. HP: 29/29 MP: 4/4
  1308 | D:2      | Noticed Jessica
  1321 | D:2      | Killed Jessica
  1570 | D:3      | Found a bloodstained altar of Trog.
  1657 | D:3      | Reached XP level 5. HP: 32/34 MP: 5/5
  1695 | D:3      | Noticed a phantom
  1726 | D:3      | Killed a phantom
  2472 | D:4      | Reached XP level 6. HP: 40/40 MP: 6/6
  2481 | D:4      | Reached skill level 5 in Fighting
  3383 | D:5      | Entered Level 5 of the Dungeon
  3441 | D:5      | Noticed a water moccasin
  3466 | D:5      | Killed a water moccasin
  3467 | D:5      | Reached XP level 7. HP: 7/44 MP: 7/7
  3790 | D:5      | Reached skill level 6 in Fighting
  3931 | D:5      | Reached skill level 5 in Maces & Flails
  4179 | D:5      | Identified the +4 chain mail "Peva" {+Blink Int+4 Dex-5}
  4252 | D:5      | Reached skill level 5 in Armour
  4440 | D:5      | Reached skill level 5 in Shields
  4440 | D:5      | Reached XP level 8. HP: 27/52 MP: 8/8
  4631 | D:5      | Noticed Dowan
  4684 | D:5      | Noticed Duvessa
  5268 | D:5      | Killed Duvessa
  5274 | D:5      | Killed Dowan
  5275 | D:5      | Reached skill level 7 in Fighting
  5570 | D:6      | Noticed Edmund
  5695 | D:6      | Found a glowing golden altar of the Shining One.
  5746 | D:6      | Killed Edmund
  5904 | D:6      | Found a runed translucent door.
  5909 | D:6      | Noticed hitsuchi's ghost (amateur AtWr)
  6009 | D:6      | Reached XP level 9. HP: 54/59 MP: 9/9
  6206 | D:6      | Found a staircase to the Ecumenical Temple.
  6254 | Temple   | Entered the Ecumenical Temple
  6270 | Temple   | Became a worshipper of Qazlal Stormbringer
  6327 | D:6      | Reached skill level 8 in Fighting
  6509 | D:6      | Killed hitsuchi's ghost
  6876 | D:7      | Reached skill level 9 in Fighting
  6905 | D:7      | Reached * piety under Qazlal
  7146 | D:7      | Reached XP level 10. HP: 66/66 MP: 10/10
  7362 | D:8      | Found Keuboiso's Changing Room.
  7449 | D:8      | Found a staircase to the Lair.
  7689 | D:8      | Reached ** piety under Qazlal
  7757 | D:8      | Reached skill level 10 in Fighting
  7955 | D:8      | Found a runed translucent gate.
  7955 | D:8      | Found a runed translucent gate.
  7955 | D:8      | Found a runed translucent gate.
  8006 | D:8      | Noticed tish's ghost (journeyman OpSh)
  8551 | D:8      | Found a basalt altar of Yredelemnul.
  9002 | D:9      | Noticed Harold
  9010 | D:9      | Killed Harold
  9230 | D:9      | Reached skill level 11 in Fighting
  9230 | D:9      | Reached XP level 11. HP: 34/74 MP: 11/11
  9292 | D:9      | Found a flagged portal.
  9333 | Bailey   | Entered a bailey
  9895 | Bailey   | Reached skill level 10 in Maces & Flails
  9928 | Bailey   | Reached *** piety under Qazlal
 10105 | Bailey   | Noticed an orc warlord
 10144 | Bailey   | Killed an orc warlord
 10960 | D:9      | Identified the +1 scale mail of Disguise {rF+ rC+ Int+4}
 11025 | D:9      | Found a sparkling altar of Nemelex Xobeh.
 11553 | D:10     | Entered Level 10 of the Dungeon
 11596 | D:10     | Found a shimmering altar of Xom.
 11596 | D:10     | Found a shimmering altar of Xom.
 11597 | D:10     | Found a shimmering altar of Xom.
 11597 | D:10     | Found a shimmering altar of Xom.
 11598 | D:10     | Found a shimmering altar of Xom.
 11598 | D:10     | Found a shimmering altar of Xom.
 11601 | D:10     | Found a shimmering altar of Xom.
 11602 | D:10     | Found a shimmering altar of Xom.
 11716 | D:10     | Reached **** piety under Qazlal
 11746 | D:10     | Identified the +1 chain mail of Joy {SInv}
 11812 | D:10     | Noticed a white ugly thing
 11812 | D:10     | Noticed a cyclops
 11812 | D:10     | Noticed a green ugly thing
 11812 | D:10     | Noticed a manticore
 11823 | D:10     | Killed a green ugly thing
 11824 | D:10     | Reached skill level 12 in Fighting
 12018 | D:9      | Acquired a manual of Fighting
 12102 | Lair:1   | Entered Level 1 of the Lair of Beasts
 12114 | Lair:1   | Noticed Prince Ribbit
 12119 | Lair:1   | Noticed a five-headed hydra
 12196 | D:10     | Noticed Joseph
 12223 | D:10     | Killed Joseph
 12308 | D:10     | Killed a manticore
 12313 | D:10     | Killed a cyclops
 12410 | D:10     | Noticed a brown ugly thing
 12410 | D:10     | Noticed a cyclops
 12421 | D:10     | Killed a brown ugly thing
 12422 | D:10     | Reached XP level 12. HP: 73/82 MP: 12/12
 12426 | D:10     | Reached skill level 13 in Fighting
 12845 | D:10     | Found a staircase to the Orcish Mines.
 12883 | D:10     | Noticed a radroach
 13046 | D:10     | Found an opulent altar of Gozag.
 13214 | Orc:1    | Entered Level 1 of the Orcish Mines
 13214 | Orc:1    | Noticed an ettin
 13236 | D:10     | Killed an ettin
 13244 | D:10     | HP: 3/84 [orc knight/+0 great sword (18)]
 13563 | Orc:1    | Noticed Erica
 13799 | D:10     | Reached skill level 14 in Fighting
 14218 | D:10     | Killed Erica
 14318 | Orc:1    | Found Moatewodd's Jewellery Emporium.
 14443 | Orc:2    | Entered Level 2 of the Orcish Mines
 14445 | Orc:2    | Noticed a two-headed ogre
 14445 | Orc:2    | Noticed a two-headed ogre
 14447 | Orc:2    | Noticed a two-headed ogre
 14447 | Orc:2    | Noticed a two-headed ogre
 14447 | Orc:2    | Noticed a two-headed ogre
 14448 | Orc:2    | Noticed a two-headed ogre
 14448 | Orc:2    | Noticed an ogre mage
 14449 | Orc:2    | Noticed an orc high priest
 14452 | Orc:2    | Noticed an ogre mage
 14457 | Orc:1    | Killed a two-headed ogre
 14457 | Orc:1    | Reached ***** piety under Qazlal
 14473 | Orc:1    | HP: 1/86 [troll (5)]
 15281 | Lair:1   | Killed a five-headed hydra
 15292 | Lair:1   | Killed Prince Ribbit
 15492 | Lair:1   | Noticed a boulder beetle
 15494 | Lair:1   | Reached skill level 15 in Fighting
 15520 | Lair:1   | Killed a boulder beetle
 16014 | Lair:2   | Reached skill level 10 in Armour
 16033 | Lair:2   | Reached skill level 10 in Shields
 16048 | Lair:2   | Reached XP level 13. HP: 67/92 MP: 13/13
 16258 | Lair:2   | Reached skill level 16 in Fighting
 16445 | Lair:2   | Found a staircase to the Snake Pit.
 16582 | Lair:2   | Found a staircase to the Swamp.
 18044 | Lair:3   | Reached skill level 17 in Fighting
 18273 | Lair:3   | Identified the +1 long sword "Ypites" {drain, *Rage rPois
                  | rN++ Dex+3}
 18310 | Lair:3   | Found a stormy altar of Qazlal.
 18703 | Lair:4   | Reached ****** piety under Qazlal
 19063 | Lair:4   | Gained mutation: Your large and strong wings let you fly.
                  | [Gargoyle growth]
 19063 | Lair:4   | Reached XP level 14. HP: 100/103 MP: 14/14
 19475 | Lair:5   | Entered Level 5 of the Lair of Beasts
 19733 | Lair:5   | Reached skill level 18 in Fighting
 19987 | Lair:5   | Found a staircase to the Slime Pits.
 19995 | Lair:5   | Found a viscous altar of Jiyva.
 20241 | Lair:5   | Found the +3 pair of seven-league boots {Rampage+∞}
 20328 | Lair:5   | Reached skill level 15 in Maces & Flails
 21029 | Lair:5   | Found a runed translucent door.
 21034 | Lair:5   | Identified the ring of Meicac {MP+9 Str+4 Int-4}
 21543 | Orc:1    | Reached XP level 15. HP: 55/110 MP: 15/15
 21704 | Orc:1    | Reached skill level 19 in Fighting
 22673 | Orc:2    | Paralysed by an ogre mage for 5 turns
 22782 | Orc:2    | Found Wohoseh's Armour Emporium.
 22782 | Orc:2    | Found Ypadutz's Antique Armour Shop.
 22783 | Orc:2    | Found Jeppayth's Magic Scroll Boutique.
 22783 | Orc:2    | Found Enlacuc's General Store.
 23020 | Orc:2    | Found a staircase to the Elven Halls.
 23259 | Orc:1    | Found Guf Bueg's Antique Armour Shoppe.
 23278 | Orc:1    | Noticed Erolcha
 23292 | Orc:1    | Killed Erolcha
 23627 | Orc:1    | Found Izamy's Assorted Antiques.
 23673 | Orc:1    | Found Qiyh's Magic Scroll Shoppe.
 23880 | Orc:2    | Bought the +11 shadow dragon scales "Tineec" {rN+ Will-
                  | Str+5 Stlth++++} for 2137 gold pieces
 24062 | Swamp:1  | Entered Level 1 of the Swamp
 24062 | Swamp:1  | Noticed a fenstrider witch
 24072 | Lair:2   | Killed a fenstrider witch
 24428 | Swamp:1  | Noticed Donald
 24436 | Swamp:1  | Killed Donald
 25576 | Swamp:2  | Noticed a thorn hunter
 25585 | Swamp:2  | Killed a thorn hunter
 25876 | Swamp:3  | Reached XP level 16. HP: 118/118 MP: 16/16
 25883 | Swamp:3  | Reached skill level 20 in Fighting
 25893 | Swamp:3  | Noticed a thorn hunter
 25900 | Swamp:3  | Noticed a thorn hunter
 25912 | Swamp:3  | Killed a thorn hunter
 25915 | Swamp:3  | Killed a thorn hunter
 25921 | Swamp:3  | Noticed a thorn hunter
 25961 | Swamp:3  | HP: 4/177 [spriggan druid/angry trees (9)]
 25963 | Swamp:3  | Killed from afar by a spriggan druid

Illustrated notes

Levels and vault maps discovered:
D:1:      ldierk_walled_garden, layout_basic
D:2:      layout_basic, dreamdust_ecumenical_altar_drowned_temple,
          minmay_tromino_i4, uniq_jessica
D:3:      layout_loops_ring, trog_butcher_becter
D:4:      layout_basic
D:5:      layout_basic, chequers_serial_rivers_micro_c, minmay_puff,
          uniq_duvessa
D:6:      layout_cave_pools, tso_altar, minmay_temple_entry_hall,
          hellmonk_ghost_happy_afterlife, minmay_misc_feat_chi, st_stairs_6,
          chequers_serial_rivers_large_a, minmay_pentangle, uniq_edmund
D:7:      layout_rooms, kennysheep_crisscross
D:8:      minmay_goldmine, layout_basic, minmay_lair_entry_grove,
          gammafunk_ghost_icy, nicolae_transmutations_shop, minmay_ruined_shrine
D:9:      layout_stronghold, pf_just_have_faith, enter_bailey_5,
          grunt_ministairs_15, nicolae_tricolors, uniq_harold
D:10:     layout_roguey, lemuel_round_altar, xom_shifter_show, orc_0_dummy,
          minmay_crystal_water, minmay_shattered_shrine, uniq_joseph
Temple:   nicolae_temple_bog_church
Lair:1:   layout_hall_layers, cheibrodos_lair_caveside_slide,
          serial_bayou_pond_d, uniq_prince_ribbit2
Lair:2:   layout_layer_cave, minmay_swamp_entry_reptiles,
          guppyfry_snake_entry_garden, nicolae_quartered_pool_super,
          patterned_corridor
Lair:3:   layout_hall_layers, basic_altar
Lair:4:   layout_loops_ring, infiniplex_staircase_pool, grunt_megastairs_4,
          serial_bayou_shore_b, lemuel_fruit_tree, serial_bayou_shore_a
Lair:5:   gammafunk_lair_ancient_temple, layout_hall_layers,
          nicolae_slime_entry_field_trip, pdpol_lair_cabin_in_the_woods
Swamp:1:  layout_falls_marsh, evilmike_swamp_ruin_house_4, swamp_pool_1_2,
          nicolae_swamp_bloodsuckers_inc, uniq_donald
Swamp:2:  layout_basic_swamp, evilmike_swamp_ruin_wall, nicolae_swamp_snake_nest
Swamp:3:  nicolae_swamp_phyte_club, layout_falls_marsh,
          evilmike_swamp_ruin_house_2, swamp_pool_3
Orc:1:    layout_caves, serial_shops, nicolae_shop_tiny_waterfront, shop,
          nicolae_shop_overgrown_old_shop, shop, uniq_erica, uniq_erolcha
Orc:2:    st_orc_ogre_mass, layout_caves

Skill      XL: |  1  2  3  4  5  6  7  8  9 10 11 12 13 14 15 16 |
---------------+-------------------------------------------------+-----
Fighting       | 4 5 6 7 9 11 12 15 17 18 19 20 | 20.1
Maces & Flails | 3 4 5 6 8 9 11 12 14 15 16 | 16.7
Armour         | 4 5 6 8 9 10 11 12 13 | 13.0
Shields        | 4 5 6 7 9 10 11 12 13 | 13.1

Action                     |  1- 3 |  4- 6 |  7- 9 | 10-12 | 13-15 | 16-18 || total
---------------------------+-------+-------+-------+-------+-------+-------++-------
  Melee: Flail             |   118 |     6 |   176 |   766 |   986 |    61 ||  2113
         Club              |       |   262 |   321 |       |       |       ||   583
    Use: Potion            |       |     1 |     3 |     4 |       |     2 ||    10
         Scroll            |       |       |    14 |    13 |     8 |     2 ||    37
   Stab: Confused          |       |     3 |       |       |       |       ||     3
         Invisible         |       |       |       |       |       |     1 ||     1
 Armour: Scale mail        |    96 |   179 |    79 |       |       |       ||   354
         Chain mail        |       |       |   464 |   458 |   442 |       ||  1364
         Shadow dragon sca |       |       |       |       |   103 |    41 ||   144
  Dodge: Dodged            |    64 |    85 |   212 |   177 |   176 |     6 ||   720
         Repelled          |       |       |       |     1 |     6 |     4 ||    11
  Block: Buckler           |    35 |    46 |    70 |       |       |       ||   151
         Tower shield      |       |       |   220 |   715 |   948 |    52 ||  1935

Table legend: (Time is in decaauts)
 A = Elapsed time spent in this place.
 B = Non-inter-level travel time spent in this place.
 C = Inter-level travel time spent in this place.
 D = Time resting spent in this place.
 E = Time spent auto-exploring this place.
 F = Levels seen in this place.
 G = Mean time per level.
                   A        B        C        D        E       F      G
               +--------+--------+--------+--------+--------+-----+--------+
         Total |  26042 |  24682 |   1360 |   5369 |  14196 |  22 | 1183.7 |
       Dungeon |  14331 |  13517 |    814 |   2399 |   8190 |  10 | 1433.1 |
        Temple |     28 |      1 |     27 |      0 |      0 |   1 |   28.0 |
          Lair |   6060 |   5716 |    344 |    570 |   4100 |   5 | 1212.0 |
         Swamp |   1778 |   1731 |     47 |    519 |    865 |   3 |  592.7 |
  Orcish Mines |   2791 |   2664 |    127 |   1345 |   1000 |   2 | 1395.5 |
        Bailey |   1052 |   1052 |      0 |    536 |     41 |   1 | 1052.0 |
               +--------+--------+--------+--------+--------+-----+--------+

Top non-repeatable levels by time:
    D:10: 3186 daAuts
   Orc:1: 2065 daAuts
     D:9: 1876 daAuts
     D:5: 1832 daAuts
  Lair:2: 1707 daAuts
     D:8: 1634 daAuts
  Lair:5: 1478 daAuts
     D:4: 1364 daAuts
  Bailey: 1052 daAuts
  Lair:4: 1044 daAuts
     D:6: 1043 daAuts
 Swamp:2: 1040 daAuts
  Lair:3: 1009 daAuts
     D:7: 1000 daAuts
     D:3: 909 daAuts
